AoeStats
← Ken

Arena

510321952Analyzed
4v4 RM · 1d ago on Sep 30, 2026· 61m 15s· 8 players
Game mode
Random Map
Map size
Large (8 player)
Population
200
Speed
Normal
Resources
Standard
Victory
Conquest
Starting age
Dark Age
Ending age
Imperial Age
RankedLock teamsTeams togetherTeam positionsShared explorationLock speedFull tech treeHidden civsTurbo modeCheats
Victory
Defeat
🇮🇩 Mongols · Indonesia
1064
+14
🇨🇳 Hindustanis · China
1062
+14
🇨🇳 Franks · China
981
+17
🇨🇳 Magyars · China
979
+18
🇨🇳 Franks · China
1091
-18
🇫🇷 Danes · France
1051
-17
🇳🇱 Malay · Netherlands
1011
-16
🇨🇳 Celts · China
916
-12
Nyssa
6:53 Loom
10:16 Feudal Age
16:43 Castle Age
14:31 Loom
14:48 Horse Collar
17:23 Double-Bit Axe
21:55 Wheelbarrow
21:35 Bow Saw
23:28 Heavy Plow
24:47 Hand Cart
24:26 Town Watch
27:18 Fletching
30:41 Imperial Age
28:46 Town Patrol
29:38 Forging
29:24 Bodkin Arrow
29:44 Masonry
30:17 Scale Barding Armor
30:47 Conscription
31:08 Iron Casting
31:58 Gold Mining
31:59 Stone Mining
32:43 Crop Rotation
32:21 Husbandry
37:54 Elite Battle Elephant
40:42 Ballistics
41:23 Chemistry
40:03 Treadmill Crane
43:20 Blast Furnace
45:38 Guilds
45:01 Elite Karambit Warrior
46:16 Bracer
48:32 Padded Archer Armor
48:45 Elite Skirmisher
50:35 Thumb Ring
53:24 Leather Archer Armor
55:18 Pikeman
56:01 Squires
59:24 Halberdier
夜鹰Hawk
10:18 Feudal Age
11:17 Double-Bit Axe
14:28 Castle Age
16:50 Bow Saw
20:36 Wheelbarrow
21:29 Gold Mining
22:08 Fervor
24:15 Hand Cart
23:59 Loom
27:40 Imperial Age
27:50 Imperial Age
25:07 Loom
26:03 Stone Mining
26:48 Gold Shaft Mining
26:54 Scale Barding Armor
27:00 Forging
27:36 Husbandry
28:56 Iron Casting
28:41 Chain Barding Armor
29:11 Cavalier
31:17 Blast Furnace
30:53 Plate Barding Armor
30:25 Chivalry
30:48 Conscription
31:13 Paladin
34:40 Devotion
39:08 Fletching
39:32 Squires
38:52 Pikeman
40:43 Chemistry
40:04 Ballistics
41:01 Coinage
40:37 Treadmill Crane
41:03 Siege Engineers
40:55 Bodkin Arrow
41:01 Scale Mail Armor
40:23 Halberdier
43:06 Banking
43:35 Murder Holes
43:51 Masonry
43:57 Chain Mail Armor
44:32 Herbal Medicine
48:05 Architecture
57:59 Heresy
58:08 Illumination
58:00 Block Printing
58:21 Theocracy
57:35 Light Cavalry
61:24 Plate Mail Armor
lukyluk57
0:31 Loom
10:33 Feudal Age
16:42 Castle Age
14:33 Horse Collar
14:50 Double-Bit Axe
16:28 Forging
16:29 Arson
17:57 Gambesons
19:35 Bow Saw
20:16 Heavy Plow
21:20 Scale Mail Armor
21:53 Squires
23:58 Gold Mining
26:23 Wheelbarrow
25:33 Town Watch
32:00 Imperial Age
29:33 Stone Mining
30:54 Hand Cart
32:36 Gold Shaft Mining
32:08 Capped Ram
33:35 Iron Casting
34:28 Conscription
34:28 Chain Mail Armor
35:06 Ballistics
36:38 Blast Furnace
35:20 Elite Varangian Guard
38:29 Plate Mail Armor
38:52 Fletching
38:52 Hamask
39:21 Crossbowman
41:42 Chemistry
40:44 Padded Archer Armor
41:36 Thumb Ring
41:47 Masonry
42:34 Bodkin Arrow
42:54 Leather Archer Armor
43:53 Bracer
51:45 Pikeman
58:55 Halberdier
XIXXIXXI
7:27 Loom
12:31 Feudal Age
13:19 Man-at-Arms
15:33 Scale Mail Armor
15:41 Double-Bit Axe
16:39 Horse Collar
22:09 Castle Age
21:55 Fletching
22:18 Forging
22:09 Padded Archer Armor
24:08 Bow Saw
24:00 Heavy Plow
25:40 Wheelbarrow
26:12 Fortified Wall
26:43 Stronghold
29:06 Gold Mining
29:07 Stone Mining
31:36 Gold Shaft Mining
31:07 Murder Holes
35:28 Imperial Age
32:48 Elite Skirmisher
33:51 Ballistics
36:03 Elite Woad Raider
37:05 Conscription
37:01 Capped Ram
38:26 Pikeman
39:26 Chain Mail Armor
39:46 Iron Casting
39:47 Halberdier
41:21 Siege Engineers
42:17 Chemistry
41:41 Furor Celtica
44:30 Plate Mail Armor
44:35 Iron Casting
43:56 Bodkin Arrow
45:14 Siege Ram
45:22 Onager
48:09 Hand Cart
48:57 Blast Furnace
Ken
10:18 Feudal Age
15:14 Castle Age
13:41 Double-Bit Axe
17:00 Bow Saw
19:44 Loom
23:04 Treadmill Crane
24:53 Wheelbarrow
25:22 Gold Mining
28:17 Gold Shaft Mining
32:02 Imperial Age
30:32 Husbandry
30:34 Stone Mining
32:22 Hand Cart
32:42 Forging
32:38 Scale Barding Armor
33:24 Conscription
34:41 Iron Casting
35:08 Chain Barding Armor
36:23 Chemistry
35:19 Murder Holes
36:51 Cavalier
38:30 Scale Mail Armor
38:20 Fletching
38:31 Padded Archer Armor
40:22 Chain Mail Armor
40:03 Bodkin Arrow
41:08 Blast Furnace
40:18 Ordonnance Companies
41:26 Squires
40:46 Pikeman
44:10 Plate Barding Armor
43:51 Leather Archer Armor
44:06 Plate Mail Armor
43:42 Caravan
43:46 Halberdier
47:17 Paladin
48:31 Plate Mail Armor
55:41 Elite Throwing Axeman
58:21 Chivalry
一顿猛干
9:57 Feudal Age
13:48 Castle Age
11:55 Double-Bit Axe
11:55 Horse Collar
17:32 Wheelbarrow
19:12 Heavy Plow
20:50 Gold Mining
21:22 Bow Saw
23:02 Hand Cart
23:08 Hand Cart
22:40 Town Watch
23:44 Gold Shaft Mining
23:50 Loom
25:14 Stone Mining
26:18 Forging
26:14 Scale Barding Armor
27:27 Stone Shaft Mining
29:29 Imperial Age
27:01 Town Patrol
28:29 Ballistics
28:19 Masonry
31:57 Two-Man Saw
32:43 Chemistry
31:55 Fortified Wall
33:58 Light Cavalry
34:48 Bloodlines
34:39 Husbandry
33:59 Heavy Camel Rider
34:45 Murder Holes
34:56 Siege Engineers
35:46 Chain Barding Armor
36:02 Iron Casting
37:03 Plate Barding Armor
36:19 Fletching
36:29 Padded Archer Armor
36:30 Scale Mail Armor
36:11 Imperial Camel Rider
37:37 Hussar
40:12 Thumb Ring
39:28 Elite Skirmisher
41:28 Blast Furnace
40:24 Bodkin Arrow
40:44 Leather Archer Armor
40:48 Chain Mail Armor
40:27 Heavy Cavalry Archer
44:22 Coinage
43:52 Caravan
45:50 Grand Trunk Road
45:51 Shatagni
46:12 Conscription
46:27 Hoardings
45:13 Elite Ghulam
45:43 Man-at-Arms
46:23 Squires
45:45 Pikeman
46:10 Arson
48:28 Banking
48:49 Long Swordsman
Vanilla
10:35 Feudal Age
13:27 Wheelbarrow
15:23 Castle Age
13:12 Double-Bit Axe
13:10 Horse Collar
17:03 Wheelbarrow
16:57 Loom
18:26 Bow Saw
21:05 Heavy Plow
25:43 Gold Mining
25:43 Stone Mining
27:09 Gold Shaft Mining
27:03 Hand Cart
28:14 Loom
32:20 Imperial Age
30:47 Treadmill Crane
31:19 Masonry
32:53 Ballistics
32:26 Fletching
32:36 Padded Archer Armor
33:05 Bodkin Arrow
34:00 Town Watch
34:37 Thumb Ring
36:01 Two-Man Saw
35:33 Crop Rotation
35:09 Bracer
35:24 Leather Archer Armor
35:34 Conscription
35:16 Corvinian Army
35:49 Parthian Tactics
34:45 Heavy Cavalry Archer
37:05 Chemistry
35:58 Heated Shot
37:41 Ring Archer Armor
37:31 Bloodlines
37:21 Husbandry
40:05 Recurve Bow
41:51 Scale Barding Armor
44:44 Chain Barding Armor
47:07 Elite Magyar Huszar
53:43 Plate Barding Armor
Axie
7:41 Loom
10:02 Feudal Age
10:34 Horse Collar
15:50 Castle Age
13:48 Double-Bit Axe
19:06 Stone Mining
27:04 Wheelbarrow
26:14 Town Watch
27:52 Heavy Plow
28:38 Fletching
28:48 Padded Archer Armor
30:03 Bodkin Arrow
30:20 Forging
30:15 Scale Barding Armor
30:55 Bow Saw
31:02 Hand Cart
35:29 Imperial Age
35:35 Imperial Age
35:41 Imperial Age
35:47 Imperial Age
33:31 Bloodlines
33:21 Husbandry
34:02 Squires
33:47 Arson
34:39 Iron Casting
34:24 Chain Barding Armor
35:06 Ballistics
34:42 Murder Holes
Connection lost

Rejoining the realm…

Still unreachable

The connection could not be restored.

Session expired

The server has moved on; the page needs a fresh start.